 Dungeon Crawl Stone Soup version 0.26-a0-1101-g8f9f7f7418 (webtiles) character file.

Game seed: 16451320883683898210

9649 Luthais the Cleaver (level 11, -1/153 HPs)
             Began as a Minotaur Berserker on Dec 16, 2020.
             Was a High Priest of Trog.
             Succumbed to Sonja's poison
             ... on level 11 of the Dungeon.
             The game lasted 01:33:09 (12943 turns).

Luthais the Cleaver (Minotaur Berserker)           Turns: 12943, Time: 01:33:10

Health: -1/153     AC: 17    Str: 30    XL:     11   Next: 25%
Magic:  10/10      EV: 10    Int:  4    God:    Trog [*****.]
Gold:   500        SH:  0    Dex: 15    Spells: 10/10 levels left

rFire    . . .     SeeInvis .   F - +9 broad axe "Ribaull" {drain, +Fly Will+ Dex+4}
rCold    + . .     Faith    .   (no shield)
rNeg     . . .     Spirit   .   w - +1 chain mail
rPois    .         Reflect  .   (helmet restricted)
rElec    .         Harm     .   (no cloak)
rCorr    .         Rampage  .   a - +2 pair of gloves
Will     +....                  R - +0 pair of boots
Stlth    ..........             (no amulet)
HPRegen  0.35/turn              r - ring of protection from cold
MPRegen  0.12/turn              P - +6 ring of strength

@: berserking (expiring), lethally poisoned (-1 -> -54), slowed
A: retaliatory headbutt, horns 2
a: Berserk, Trog's Hand, Brothers in Arms, Renounce Religion, Evoke Flight


You were on level 11 of the Dungeon.
You worshipped Trog.
Trog was extremely pleased with you.
You visited 2 branches of the dungeon, and saw 12 of its levels.

You collected 500 gold pieces.

Inventory:

Hand Weapons
 y - a +1 lajatang
 F - the +9 broad axe "Ribaull" (weapon) {drain, +Fly Will+ Dex+4}
   (You found it on level 5 of the Dungeon)

   A truly terrible weapon, it drains the life of those it strikes.
   It affects your dexterity (+4).
   It affects your willpower, your defense against some magical effects.
   It lets you fly.
Missiles
 X - 2 poisoned darts
Armour
 a - a +2 pair of gloves (worn)
 w - a +1 chain mail (worn)
 R - a +0 pair of boots (worn)
Jewellery
 r - a ring of protection from cold (left hand)
 P - a +6 ring of strength (right hand)
Wands
 x - a wand of acid (10)
 J - a wand of flame (17)
 K - a wand of random effects (8)
 M - a wand of polymorph (7)
 Z - a wand of digging (2)
Scrolls
 c - 6 scrolls of remove curse
 f - 5 scrolls of teleportation
 h - 4 scrolls of fear
 i - 6 scrolls of enchant weapon
 n - 2 scrolls of fog
 s - a scroll of blinking
 u - 2 scrolls of magic mapping
 U - a scroll of enchant armour
Potions
 b - a potion of ambrosia
 d - 4 potions of lignification
 k - 4 potions of might
 m - a potion of cancellation
 o - a potion of berserk rage {unknown}
 v - a potion of haste {unknown}
 B - 3 potions of heal wounds
 H - a potion of mutation {unknown}
 I - a potion of flight {unknown}
 Q - a potion of invisibility {unknown}
 S - 4 potions of curing
 T - 2 potions of attraction


   Skills:
 + Level 11.1 Fighting
 * Level 14.6 Axes
 + Level 10.8 Armour
 - Level 2.2 Dodging


You had 10 spell levels left.
You didn't know any spells.
Your spell library contained the following spells:

 Spells                   Type           Power        Failure   Level
 Animate Skeleton         Necr           #.....       91%         1
 Apportation              Tloc           #.....       91%         1
 Corona                   Hex            #......      91%         1
 Shock                    Conj/Air       #...         91%         1
 Summon Small Mammal      Summ           #...         91%         1
 Poisonous Vapours        Pois/Air       #.....       97%         2
 Swiftness                Air            #.......     97%         2
 Conjure Flame            Conj/Fire      #.......     100%        3
 Mephitic Cloud           Conj/Pois/Air  #.......     100%        3
 Static Discharge         Conj/Air       #.......     100%        3
 Airstrike                Air            #.........   100%        4
 Lightning Bolt           Conj/Air       #.........   100%        5
 Freezing Cloud           Conj/Ice/Air   #.........   100%        6


Dungeon Overview and Level Annotations

Branches:
Dungeon (11/15)            Temple (1/1) D:4            Lair (0/6) D:11
    Orc: D:9-12

Altars:
Ashenzari
Cheibriados
Dithmenos
Elyvilon
Fedhas
Gozag
Hepliaklqana
Kikubaaqudgha
Makhleb
Nemelex Xobeh
Okawaru
Qazlal
Ru
Sif Muna
Trog
Uskayaw
Vehumet
Wu Jian
Xom
Yredelemnul
Zin
The Shining One

Shops:
D:6 }

Annotations:
D:8 1 runed translucent door, MoonlitKnight's ghost, novice MiBe
D:11 Sonja


Innate Abilities, Weirdness & Mutations

You reflexively headbutt those who attack you in melee.
You have a pair of horns on your head.


Message History

Trog accepts your kill.
Trog appreciates your killing of a magic user.
* * * LOW HITPOINT WARNING * * *
You feel very sick. Sonja hits you but does no damage. x2
You are more poisoned.
Sonja hits you but does no damage.
Things that are here:
a +0 dagger; a +0 robe; a curare-tipped dart You miss Sonja.
Your headbutt misses Sonja.
Sonja is lightly wounded.
* * * LOW HITPOINT WARNING * * *
You feel very sick.
Sonja hits you with a +1 short sword of venom!
* * * LOW HITPOINT WARNING * * *
Sonja barely misses you. Sonja hits you but does no damage.
You are more poisoned.
Sonja casts a spell.
Sonja blinks!
You die...

#.<.#.....# .....
#..####..## .....
##..# #..####.....##
#...# ##..#...#
#..## ##...#
##.....# #...
#....####(.##..#
##...
###...##..####.##
#...) ##...).## #..#
##)).. ##.(@##
##.###..)>. ##.))###
#.........
#...ยง(####.....>...
#.#................
#..#####......###...
#.## ##(.#### #>#.
.. #..K# #### ...
#..## #. ### #..K#
##.


You could see Sonja.

Vanquished Creatures
  Harold (D:8)
  2 two-headed ogres (D:8)
  2 kobold demonologists (D:11)
  Prince Ribbit (D:9)
  A hornet (D:10)
  A wyvern (D:9)
  Eustachio (D:5)
  9 yaks (D:10)
  Edmund (D:4)
  Duvessa (D:6)
  2 sky beasts
  A necrophage (D:10)
  4 ice beasts
  6 ogres
  2 black bears
  4 centaurs
  The ghost of Namnaref the Digger, an amateur GrEE (D:3)
  4 bullfrogs
  6 big kobolds
  A gnoll sergeant (D:10)
  A wyvern skeleton (D:9)
  6 scorpions
  A water moccasin skeleton (D:10)
  Dowan (D:6)
  4 killer bees
  7 wights
  6 howler monkeys
  A jelly (D:5)
  5 hounds
  9 orc wizards
  8 orc priests
  A bullfrog skeleton (D:7)
  3 iguanas
  10 worker ants
  A killer bee zombie (D:7)
  3 hound skeletons
  A worker ant zombie (D:5)
  4 gnolls (D:10)
  11 adders
  4 shadow imps
  2 white imps
  3 ufetubi
  An ooze (D:5)
  3 adder skeletons
  2 dart slugs
  4 worms
  4 leopard geckos
  27 orcs
  A ball python (D:3)
  7 bats
  8 giant cockroaches
  15 goblins
  7 hobgoblins
  11 jackals
  5 quokkas
  3 frilled lizards
  24 kobolds
  4 rats
269 creatures vanquished.

Vanquished Creatures (others)
  6 plants (D:8)
6 creatures vanquished.

Grand Total: 275 creatures vanquished

Notes
Turn   | Place    | Note
-------+----------+-------------------------------------------
     0 | D:1      | Luthais the Minotaur Berserker began the quest for the Orb.
     0 | D:1      | Reached XP level 1. HP: 19/19 MP: 0/0
   138 | D:1      | Reached skill level 4 in Axes
   192 | D:1      | Reached XP level 2. HP: 27/27 MP: 1/1
   927 | D:2      | Reached XP level 3. HP: 26/33 MP: 2/2
  1499 | D:2      | Reached ** piety under Trog
  1500 | D:2      | Reached skill level 5 in Axes
  1500 | D:2      | Reached XP level 4. HP: 40/40 MP: 3/3
  2038 | D:3      | Found a large runed translucent door.
  2038 | D:3      | Found a large runed translucent door.
  2038 | D:3      | Noticed Namnaref's ghost (amateur GrEE)
  2449 | D:3      | Reached XP level 5. HP: 36/47 MP: 4/4
  2731 | D:3      | Reached skill level 6 in Axes
  2892 | D:3      | Noticed an ogre
  2899 | D:3      | Reached *** piety under Trog
  2904 | D:3      | Killed an ogre
  2905 | D:3      | Reached skill level 5 in Fighting
  2905 | D:3      | Reached XP level 6. HP: 48/56 MP: 5/5
  3607 | D:4      | Found a staircase to the Ecumenical Temple.
  3835 | D:4      | Reached skill level 7 in Axes
  3915 | D:4      | Reached skill level 5 in Armour
  3915 | D:4      | Reached XP level 7. HP: 62/62 MP: 6/6
  4258 | Temple   | Entered the Ecumenical Temple
  4435 | D:5      | Entered Level 5 of the Dungeon
  4666 | D:5      | Noticed Eustachio
  4671 | D:5      | Noticed Edmund
  4710 | D:4      | Killed Edmund
  4711 | D:4      | Reached skill level 8 in Axes
  5184 | D:5      | Killed Eustachio
  5185 | D:5      | Reached XP level 8. HP: 71/71 MP: 7/7
  5329 | D:5      | Got a buzzing broad axe
  5342 | D:5      | Reached skill level 9 in Axes
  5583 | D:4      | Identified the +9 broad axe "Ribaull" {drain, +Fly Will+
                  | Dex+4} (You found it on level 5 of the Dungeon)
  6073 | D:5      | Found a sparkling altar of Nemelex Xobeh.
  6074 | D:5      | Found a blossoming altar of Fedhas.
  6074 | D:5      | Found a sacrificial altar of Ru.
  6074 | D:5      | Found a shimmering blue altar of Sif Muna.
  6234 | D:6      | Reached **** piety under Trog
  6235 | D:6      | Found Aptug's Gadget Boutique.
  6292 | D:6      | Noticed Dowan
  6300 | D:6      | Killed Dowan
  6302 | D:6      | Noticed Duvessa
  6306 | D:6      | Killed Duvessa
  6374 | D:6      | Reached skill level 10 in Axes
  7087 | D:7      | Reached XP level 9. HP: 81/81 MP: 8/8
  7619 | D:7      | Reached skill level 11 in Axes
  8108 | D:8      | Found a burning altar of Makhleb.
  8132 | D:8      | Reached ***** piety under Trog
  8276 | D:8      | Found a runed translucent door.
  8279 | D:8      | Noticed MoonlitKnight's ghost (novice MiBe)
  8280 | D:8      | Identified the +6 trident of Living Conscience {vorpal,
                  | Dex+6}
  8280 | D:8      | Noticed a polar bear
  8298 | D:8      | Noticed Harold
  8312 | D:8      | Killed Harold
  8313 | D:8      | Reached skill level 12 in Axes
  8313 | D:8      | Reached XP level 10. HP: 91/91 MP: 9/9
  8527 | D:8      | Noticed a two-headed ogre
  8528 | D:8      | Noticed a two-headed ogre
  8535 | D:8      | Killed a two-headed ogre
  8537 | D:8      | Killed a two-headed ogre
  8538 | D:8      | Reached skill level 13 in Axes
  8858 | D:8      | Reached skill level 10 in Fighting
  8942 | D:8      | Found an opulent altar of Gozag.
  9202 | D:3      | Killed Namnaref's ghost
  9955 | D:9      | Noticed Prince Ribbit
 10400 | D:9      | Killed Prince Ribbit
 10475 | D:10     | Entered Level 10 of the Dungeon
 10599 | D:10     | Reached skill level 10 in Armour
 10889 | D:10     | Reached skill level 14 in Axes
 10899 | D:10     | Reached XP level 11. HP: 83/101 MP: 10/10
 11028 | D:10     | Found a sparkling altar of Nemelex Xobeh.
 12831 | D:11     | Found a staircase to the Lair.
 12922 | D:11     | Noticed Sonja
 12942 | D:11     | HP: 3/153 [Sonja/+1 short sword of venom (7)]
 12943 | D:11     | Succumbed to Sonja's poison

Illustrated notes

Levels and vault maps discovered:
D:1:      minmay_arrival_stair_chambers, layout_loops_ring, glass_columns_c,
          lemuel_old_faithful
D:2:      layout_rooms
D:3:      layout_basic, ebering_ghost_disaster_area, st_stairs_14,
          minmay_ogre_servants
D:4:      layout_loops_cross, minmay_temple_entry_hall, serial_bayou_lake_a
D:5:      layout_rooms, chequers_temple_overflow_statue_of_worship,
          minmay_misc_feat_alley, minmay_checkerbox, uniq_eustachio, uniq_edmund
D:6:      layout_basic, serial_shops, nicolae_shop_crystal, uniq_duvessa,
          uniq_crazy_yiuf_cottage
D:7:      layout_loops_ring, minmay_fractal_squares_diagonal_5
D:8:      layout_rooms, lemuel_crystal_altar,
          nicolae_gozag_cash_rules_everything_around_me,
          ebering_ghost_funeral_grove, uniq_harold
D:9:      layout_basic, uniq_prince_ribbit1
D:10:     layout_loops_ring, basic_altar, st_stairs_2
D:11:     layout_layer_cave, lair_entry_dummy, patterned_corridor, uniq_sonja
Temple:   eino_temple_scatter_basement

Skill      XL: |  1  2  3  4  5  6  7  8  9 10 11 |
---------------+----------------------------------+-----
Axes           | 4 5 6 7 8 10 12 14 | 14.6
Fighting       | 4 5 6 8 9 10 11 | 11.1
Armour         | 3 4 5 7 8 10 | 10.8
Dodging        | |  2.2

Action                   |  1- 3 |  4- 6 |  7- 9 | 10-12 || total
-------------------------+-------+-------+-------+-------++-------
Melee: Hand axe          |    74 |   137 |    82 |       ||   293
       Headbutt          |    10 |    16 |    42 |    31 ||    99
       Broad axe         |       |       |   128 |   164 ||   292
Invok: Berserk           |     3 |     4 |     8 |     6 ||    21
  Use: Scroll            |       |       |       |    21 ||    21
 Stab: Sleeping          |     1 |       |       |       ||     1
Armor: Animal skin       |     7 |       |       |       ||     7
       Ring mail         |    22 |    27 |       |       ||    49
       Chain mail        |       |    19 |   110 |    75 ||   204
Dodge: Dodged            |    59 |    61 |   117 |    69 ||   306

Table legend: (Time is in decaauts)
 A = Elapsed time spent in this place.
 B = Non-inter-level travel time spent in this place.
 C = Inter-level travel time spent in this place.
 D = Time resting spent in this place.
 E = Time spent auto-exploring this place.
 F = Levels seen in this place.
 G = Mean time per level.
                   A        B        C        D        E       F      G
               +--------+--------+--------+--------+--------+-----+--------+
         Total |  13215 |  11934 |   1281 |   4433 |   5328 |  12 | 1101.2 |
       Dungeon |  12941 |  11690 |   1251 |   4433 |   5228 |  11 | 1176.5 |
        Temple |    273 |    244 |     29 |      0 |    100 |   1 |  273.0 |
               +--------+--------+--------+--------+--------+-----+--------+

Top non-repeatable levels by time:
     D:4: 2699 daAuts
     D:3: 1497 daAuts
     D:8: 1227 daAuts
     D:9: 1164 daAuts
     D:6: 1076 daAuts
     D:7: 1046 daAuts
     D:2: 1028 daAuts
    D:10: 997 daAuts
     D:5: 952 daAuts
     D:1: 896 daAuts
    D:11: 354 daAuts
  Temple: 273 daAuts
